 Dungeon Crawl Stone Soup version 0.28-a0-479-g5baa6b73be (webtiles) character file.

Game seed: 16896626043303724129

12642 dolemite99 the Cleaver (level 11, -1/94 HPs)
             Began as a Deep Dwarf Fighter on Sept 19, 2021.
             Was a Believer of Makhleb.
             Killed from afar by an electric eel (7 damage)
             ... with a bolt of electricity
             ... on level 12 of the Dungeon.
             The game lasted 00:15:26 (11581 turns).

dolemite99 the Cleaver (Deep Dwarf Fighter)        Turns: 11581, Time: 00:15:27

Health: -1/94      AC: 15    Str: 23    XL:     11   Next: 65%
Magic:  11/11      EV:  6    Int:  9    God:    Makhleb [**....]
Gold:   543        SH:  5    Dex: 12    Spells: 10/10 levels left

rFire   . . .      SeeInvis +   b - +2 hand axe (elec)
rCold   . . .      Faith    .   c - +1 buckler
rNeg    . . .      Spirit   .   V - +0 plate armour
rPois   .          Reflect  .   (no helmet)
rElec   .          Harm     .   (no cloak)
rCorr   .          Rampage  .   t - +0 pair of gloves
Will    +....                   s - +0 pair of boots
Stlth   ..........              (no amulet)
HPRegen 0.00/turn               j - ring of see invisible
MPRegen 0.12/turn               (no ring)

@: no status effects
A: damage resistance, heal wounds, sense surroundings 2, no regeneration
a: Heal Wounds, Renounce Religion, Minor Destruction


You were on level 12 of the Dungeon.
You worshipped Makhleb.
Makhleb was pleased with you.
You visited 3 branches of the dungeon, and saw 14 of its levels.
You also visited: Sewer.

You collected 666 gold pieces.
You spent 123 gold pieces at shops.

Inventory:

Hand Weapons
 a - a +4 war axe
 b - a +2 hand axe of electrocution (weapon)
 B - a +2 dagger of venom
 T - a +1 vorpal battleaxe
Missiles
 n - 155 sling bullets
 u - 3 throwing nets
 G - 3 atropa-tipped darts
 I - 33 bolts
 N - 28 poisoned darts
Armour
 c - a +1 buckler (worn)
 h - a +0 scale mail
 s - a +0 pair of boots (worn)
 t - a +0 pair of gloves (worn)
 y - a +0 kite shield
 H - a +0 chain mail
 L - a +0 pair of boots
 V - a +0 plate armour (worn)
Magical Staves
 r - a staff of poison
Jewellery
 g - a ring of wizardry
 j - a ring of see invisible (left hand)
 k - a ring of wizardry
 D - a +6 ring of dexterity
 F - a +6 ring of intelligence
 O - an amulet of reflection
 R - a ring of flight
Wands
 p - a wand of iceblast (1) (quivered)
 w - a wand of flame (31)
 x - a wand of mindburst (14)
 J - a wand of charming (10)
 Q - a wand of digging (2)
Scrolls
 i - 8 scrolls of magic mapping
 q - a scroll of enchant armour
 z - 3 scrolls of immolation
 E - 2 scrolls of vulnerability
 M - a scroll of teleportation
 S - a scroll of summoning
 U - a scroll of amnesia
Potions
 d - 3 potions of might
 e - 5 potions of curing
 f - 3 potions of heal wounds
 l - 2 potions of haste
 m - a potion of cancellation
 o - a potion of attraction {unknown}
 v - a potion of flight {unknown}
 A - 3 potions of brilliance
 C - a potion of degeneration {unknown}
 K - a potion of lignification {unknown}
 P - a potion of berserk rage


   Skills:
 - Level 5.0 Fighting
 - Level 14.8 Axes
 - Level 6.1 Armour
 - Level 3.2 Shields
 - Level 12.0 Invocations
 + Level 6.0 Evocations


You had 10 spell levels left.
You didn't know any spells.
Your spell library contained the following spells:

 Spells                   Type           Power      Damage    Failure   Level
 Beastly Appendage        Tmut           0%         N/A       100%        1
 Magic Dart               Conj           0%         1d3       100%        1
 Call Imp                 Summ           0%         N/A       100%        2
 Wereblood                Tmut           0%         N/A       100%        2
 Call Canine Familiar     Summ           0%         N/A       100%        3
 Mephitic Cloud           Conj/Pois/Air  0%         N/A       100%        3
 Portal Projectile        Hex/Tloc       0%         N/A       100%        3
 Spider Form              Tmut/Pois      0%         N/A       100%        3
 Leda's Liquefaction      Hex/Erth       0%         N/A       100%        4
 Iskenderun's Battlesphe  Conj           0%         2d6       100%        5
 Iron Shot                Conj/Erth      0%         9d1       100%        6
 Spellforged Servitor     Conj/Summ      0%         N/A       100%        7


Dungeon Overview and Level Annotations

Branches:
Dungeon (12/15)            Temple (1/1) D:6            Lair (1/6) D:11
    Orc (0/2) D:9           Sewer (visited)

Altars:
Ashenzari
Cheibriados
Dithmenos
Elyvilon
Fedhas
Gozag
Hepliaklqana
Kikubaaqudgha
Makhleb
Nemelex Xobeh
Okawaru
Qazlal
Ru
Sif Muna
Trog
Uskayaw
Vehumet
Wu Jian
Xom
Yredelemnul
Zin
The Shining One

Shops:
D:4 ?   D:10 (

Annotations:
D:5 2 transporters


Innate Abilities, Weirdness & Mutations

You are resistant to damage.
You can heal yourself by infusing magical energy.
You passively map the area around you.
You do not regenerate.


Message History

The unseen horror is almost dead.
The unseen horror hits you but does no damage.
Press: ? - help, Shift-Dir - straight line, f/p - unseen horror
Aim: an unseen horror (almost dead, slightly transparent)
The glob of acid hits the unseen horror!
The acid corrodes the unseen horror!
You kill the unseen horror!
Makhleb accepts your kill.
You feel better.
Your Evocations skill increases to level 6!
You now have 529 gold pieces (gained 13).
Found a pair of gloves.
Found a stone staircase leading down.
You now have 543 gold pieces (gained 14).
An electric eel comes into view.
The electric eel shoots out a bolt of lightning at you!
The bolt of electricity hits you. The bolt of electricity hits you!
A tengu warrior comes into view. It is wielding a +1 great sword.
The tengu warrior shouts!
The electric eel shoots out a bolt of lightning at you!
The bolt of electricity hits you!
* * * LOW HITPOINT WARNING * * *
An electric eel comes into view.
Press: ? - help, Shift-Dir - straight line, f - electric eel
Aim: an electric eel The zap hits the electric eel.
The electric eel completely resists.
The electric eel shoots out a bolt of lightning at you!
The bolt of electricity hits you!
* * * LOW HITPOINT WARNING * * *
Press: ? - help, Shift-Dir - straight line, f/p - electric eel
Aim: an electric eel (water)
The glob of acid misses the electric eel.
A tengu conjurer comes into view.
The electric eel shoots out a bolt of lightning at you!
The bolt of electricity hits you!
* * * LOW HITPOINT WARNING * * *
The electric eel shoots out a bolt of lightning at you!
The bolt of electricity hits you.
* * * LOW HITPOINT WARNING * * *
The bolt of electricity hits you!
You die...

....#...≈≈≈≈≈≈≈≈≈≈≈≈≈≈≈≈Q
...###.........≈≈≈≈≈≈≈≈≈≈
##..#..###.###..≈≈≈≈≈≈≈;≈*
.##...##.....## .;≈≈≈≈≈ *
#.##.##.......##...≈Q≈ * *
.###..#.#.#..##..≈# * ,
*.#..#######..#..###### **
*,#.. , ,,#..#........
,#.. ,..[...#.@...##### *
.# , .....#..#...# ,
######..#.....># *
#..##..##### *, ...#*...#
* ...# .#.# * #.## , # .#
** ./ ,* .# * , , ,, *


You could see a tengu warrior and 2 electric eels.

Vanquished Creatures
  Erolcha (D:10)
  3 two-headed ogres
  A death knight (D:11)
  Erica (D:8)
  A deep elf pyromancer (D:8)
  Pikel (D:4)
  2 cyclopes
  3 centaur zombies (D:11)
  Joseph (D:8)
  A gargoyle (D:12)
  A cane toad (D:11)
  2 unseen horrors
  A polar bear (Lair:1)
  A troll (D:10)
  A yak (D:8)
  A vampire mosquito (D:11)
  3 steam dragons (D:8)
  Menkaure (D:4)
  3 acid dragons
  A water moccasin (D:9)
  A black bear (D:6)
  4 sky beasts
  4 orc warriors
  A necrophage (D:4)
  4 centaurs
  3 kobold brigands
  A bullfrog (D:9)
  A gnoll sergeant (D:8)
  3 scorpions
  A water moccasin skeleton (D:4)
  A killer bee (D:8)
  2 electric eels (D:12)
  2 howler monkeys
  4 crimson imps (D:8)
  3 hounds
  A bullfrog skeleton (D:5)
  A jelly (D:5)
  A centaur skeleton (D:7)
  10 orc priests
  Ijyb (D:4)
  8 orc wizards
  An iguana (D:7)
  A hound skeleton (D:4)
  A howler monkey skeleton (D:4)
  2 howler monkey zombies
  6 adders
  3 gnolls (D:4)
  A shadow imp (D:5)
  A white imp (D:7)
  An ufetubus (D:6)
  An adder skeleton (D:5)
  3 worms
  2 dart slugs
  36 orcs
  8 endoplasms
  4 giant cockroaches
  15 hobgoblins
  9 jackals
  10 quokkas
  7 ball pythons
  7 bats
  6 frilled lizards
  4 goblins
  22 kobolds
  4 rats
  A spectral hobgoblin (D:3)
243 creatures vanquished.

Vanquished Creatures (others)
  19 plants
19 creatures vanquished.

Grand Total: 262 creatures vanquished

Notes
Turn   | Place    | Note
-------+----------+-------------------------------------------
     0 | D:1      | dolemite99 the Deep Dwarf Fighter began the quest for the
                  | Orb.
     0 | D:1      | Reached XP level 1. HP: 20/20 MP: 1/1
   185 | D:1      | Reached skill level 3 in Axes
   185 | D:1      | Reached XP level 2. HP: 18/27 MP: 2/2
  1104 | D:2      | Reached skill level 4 in Axes
  1104 | D:2      | Reached XP level 3. HP: 18/33 MP: 3/3
  1774 | D:3      | Reached XP level 4. HP: 31/40 MP: 4/4
  2026 | D:3      | Reached skill level 5 in Axes
  2055 | D:3      | Reached XP level 5. HP: 37/46 MP: 5/5
  2333 | D:3      | Found a hazy altar of Hepliaklqana.
  2601 | D:4      | Reached skill level 6 in Axes
  2686 | D:4      | Noticed Pikel
  2686 | D:4      | Noticed a lemure
  2686 | D:4      | Noticed a lemure
  2686 | D:4      | Noticed a lemure
  2687 | D:4      | Noticed a lemure
  2700 | D:4      | Killed Pikel
  2701 | D:4      | Reached skill level 8 in Axes
  2701 | D:4      | Reached XP level 6. HP: 42/55 MP: 6/6
  2701 | D:4      | Reached XP level 7. HP: 47/61 MP: 7/7
  2740 | D:4      | Found a glowing drain.
  2747 | D:4      | Reached skill level 9 in Axes
  2753 | Sewer    | Entered a sewer
  3413 | D:4      | Noticed Menkaure
  3417 | D:4      | Killed Menkaure
  3561 | D:4      | Found Qirphiz's Magic Scroll Shoppe.
  3684 | D:4      | Bought a scroll of enchant weapon for 97 gold pieces
  3685 | D:4      | Bought a scroll of identify for 26 gold pieces
  3691 | D:4      | Noticed Ijyb
  3697 | D:4      | Killed Ijyb
  3701 | D:4      | Reached skill level 10 in Axes
  3957 | D:4      | Reached XP level 8. HP: 33/68 MP: 7/7
  4482 | D:5      | Entered Level 5 of the Dungeon
  4666 | D:5      | Reached skill level 11 in Axes
  4728 | D:5      | Found a transporter.
  4824 | D:5      | Found a transporter.
  5213 | D:5      | Reached skill level 12 in Axes
  6192 | D:6      | Found a staircase to the Ecumenical Temple.
  6249 | Temple   | Entered the Ecumenical Temple
  6308 | Temple   | Became a worshipper of Makhleb the Destroyer
  6342 | D:6      | Gained mutation: You passively map the area around you.
                  | [Deep Dwarf growth]
  6342 | D:6      | Reached XP level 9. HP: 26/74 MP: 7/7
  7047 | D:7      | Reached skill level 13 in Axes
  7855 | D:8      | Noticed Erica
  7865 | D:8      | Killed Erica
  7866 | D:8      | Reached skill level 14 in Axes
  7961 | D:8      | Found a stormy altar of Qazlal.
  7971 | D:8      | Noticed Joseph
  7984 | D:8      | Killed Joseph
  8054 | D:8      | Noticed a cyclops
  8087 | D:8      | Reached * piety under Makhleb
  8095 | D:8      | Killed a cyclops
  8096 | D:8      | Reached XP level 10. HP: 81/87 MP: 7/7
  8151 | D:8      | Reached skill level 5 in Fighting
  8407 | D:8      | Found a shimmering altar of Xom.
  8427 | D:8      | Reached skill level 5 in Armour
  8507 | D:8      | Noticed a deep elf pyromancer
  8523 | D:8      | Killed a deep elf pyromancer
  8923 | D:9      | Found a staircase to the Orcish Mines.
  8938 | D:9      | Reached skill level 1 in Invocations
  8971 | D:9      | Found a hide-covered altar of Uskayaw.
  9039 | D:9      | Found a faded altar of an unknown god.
  9039 | D:9      | Found a radiant altar of Vehumet.
  9047 | D:9      | Found a shimmering blue altar of Sif Muna.
  9049 | D:9      | Found a bloodstained altar of Trog.
  9051 | D:9      | Found a snail-covered altar of Cheibriados.
  9639 | D:10     | Entered Level 10 of the Dungeon
  9654 | D:10     | Noticed a two-headed ogre
  9658 | D:10     | Killed a two-headed ogre
  9739 | D:10     | Found Woaggett's Weapon Shoppe.
  9825 | D:10     | Noticed a two-headed ogre
  9843 | D:10     | Killed a two-headed ogre
 10012 | D:10     | Noticed Erolcha
 10026 | D:10     | Killed Erolcha
 10027 | D:10     | Reached XP level 11. HP: 65/94 MP: 11/11
 10150 | D:10     | Reached ** piety under Makhleb
 10472 | D:11     | Noticed a two-headed ogre
 10514 | D:11     | Killed a two-headed ogre
 10515 | D:11     | Reached skill level 10 in Invocations
 10854 | D:11     | Noticed a death knight
 10878 | D:11     | Killed a death knight
 10989 | D:11     | Found a staircase to the Lair.
 11416 | Lair:1   | Entered Level 1 of the Lair of Beasts
 11525 | D:12     | Reached skill level 5 in Evocations
 11578 | D:12     | Noticed a tengu warrior
 11581 | D:12     | Killed from afar by an electric eel

Illustrated notes

Levels and vault maps discovered:
D:1:      minmay_arrival_arboretum_small, layout_loops_corners
D:2:      kennysheep_big_flooded_room, layout_basic
D:3:      layout_basic, nicolae_hepliaklqana_monster_ancestors,
          serial_bayou_pond_c, grunt_ministairs_1
D:4:      minmay_angry_zag, layout_gridville, gup_sewer_entry_pipe,
          serial_shops, nicolae_shop_statue_plus, nicolae_underground_beach,
          uniq_ijyb, uniq_pikel, uniq_menkaure
D:5:      gammafunk_wand_slinger, layout_loops_cross
D:6:      layout_loops_ring, minmay_temple_entry_poolview, serial_rivers,
          chequers_serial_rivers_large_a, chequers_serial_rivers_marsh,
          chequers_serial_rivers_room_a, chequers_serial_rivers_small_3,
          chequers_serial_rivers_large_b, chequers_serial_rivers_small_b
D:7:      layout_basic
D:8:      minmay_opposing_rooms, layout_rooms, led_xom_imps,
          nicolae_overflow_hidden_temple, minivault_19, uniq_erica, uniq_grum,
          uniq_joseph
D:9:      layout_long_grid, mainiacjoe_overflow_small_starburst,
          chequers_temple_overflow_minitemple, orc_0_dummy
D:10:     layout_roguey, serial_shops, kennysheep_little_box, uniq_erolcha
D:11:     layout_basic, lair_entry_dummy, st_stairs_3
D:12:     minmay_the_grid_octo_2x2 [minmay_the_grid_octo_chip,
          minmay_the_grid_octo_checkerflower, minmay_the_grid_octo_teeth,
          minmay_the_grid_octo_prize_big_c], layout_basic, uniq_psyche,
          uniq_maurice
Temple:   eino_temple_lava
Lair:1:   layout_misc_corridors

Skill      XL: |  1  2  3  4  5  6  7  8  9 10 11 |
---------------+----------------------------------+-----
Axes           | 3 4 5 8 10 12 14 | 14.8
Fighting       | 4 5 |  5.0
Armour         | 6 |  6.1
Invocations    | 9 12 | 12.0
Evocations     | 6 |  6.0
Shields        | |  3.2

Action                   |  1- 3 |  4- 6 |  7- 9 | 10-12 || total
-------------------------+-------+-------+-------+-------++-------
Melee: War axe           |    84 |    79 |   239 |       ||   402
       Dagger            |    25 |       |       |       ||    25
       Hand axe          |       |       |   159 |   237 ||   396
Invok: Minor Destruction |       |       |       |    19 ||    19
 Abil: Heal Wounds       |     1 |     2 |    15 |    24 ||    42
Evoke: Wand              |       |       |       |    25 ||    25
  Use: Scroll            |       |     6 |     7 |     7 ||    20
       Potion            |       |       |     3 |     2 ||     5
 Stab: Invisible         |       |       |     4 |       ||     4
Armor: Scale mail        |    48 |    32 |   109 |       ||   189
       Chain mail        |       |       |    57 |    71 ||   128
       Plate armour      |       |       |       |    23 ||    23
Dodge: Dodged            |    61 |    30 |   118 |    64 ||   273
Block: Buckler           |    24 |    18 |    90 |    50 ||   182

Table legend: (Time is in decaauts)
 A = Elapsed time spent in this place.
 B = Non-inter-level travel time spent in this place.
 C = Inter-level travel time spent in this place.
 D = Time resting spent in this place.
 E = Time spent auto-exploring this place.
 F = Levels seen in this place.
 G = Mean time per level.
                   A        B        C        D        E       F      G
               +--------+--------+--------+--------+--------+-----+--------+
         Total |  11696 |  11146 |    550 |   1458 |   7226 |  15 |  779.7 |
       Dungeon |  10907 |  10364 |    543 |   1358 |   6779 |  12 |  908.9 |
        Temple |     67 |     60 |      7 |      0 |     47 |   1 |   67.0 |
          Lair |     10 |     10 |      0 |      0 |      0 |   1 |   10.0 |
         Sewer |    710 |    710 |      0 |    100 |    399 |   1 |  710.0 |
               +--------+--------+--------+--------+--------+-----+--------+

Top non-repeatable levels by time:
     D:6: 1580 daAuts
     D:4: 1397 daAuts
     D:8: 1025 daAuts
    D:11: 965 daAuts
     D:1: 909 daAuts
     D:2: 878 daAuts
     D:7: 875 daAuts
     D:3: 852 daAuts
    D:10: 820 daAuts
     D:5: 772 daAuts
     D:9: 733 daAuts
   Sewer: 710 daAuts
    D:12: 95 daAuts
  Temple: 67 daAuts
  Lair:1: 10 daAuts
